 Seeded DCSS version 0.30-a0-122-g2a1322497e (webtiles) character file.

Game seed: 10213511164608113240 (custom seed)

16 SigmundSlayer the Digger (level 2, 22/22 HPs)
             Began as a Naga Earth Elementalist on Sept 15, 2022.
             Got out of the dungeon alive.
             The game lasted 00:00:50 (592 turns).

SigmundSlayer the Digger (Naga Earth Elementalist)   Turns: 592, Time: 00:00:50

Health: 22/22      AC:  1    Str: 10    XL:     2   Next: 58%
Magic:  5/5        EV:  9    Int: 15    God:
Gold:   23         SH:  0    Dex: 11    Spells: 4/5 levels left

rFire   . . .      SeeInvis +    (no weapon)
rCold   . . .      Faith    .    (no shield)
rNeg    . . .      Spirit   .    a - +0 robe
rPois   +          Reflect  .    (no helmet)
rElec   .          Harm     .    (no cloak)
rCorr   .          Rampage  .    (no gloves)
Will    .....                    (no barding)
Stlth   ++........               (no amulet)
HPRegen 0.07/turn                (no ring)
MPRegen 0.09/turn                (no ring)

@: very slow
A: AC +0, large, see invisible, deformed body, poison resistance, slowness 2,
spit poison 1, naga tail 1
a: Spit Poison


You escaped.
You visited 1 branch of the dungeon, and saw 1 of its levels.

You collected 23 gold pieces.

Inventory:

Armour
 a - a +0 robe (worn)
Jewellery
 e - a ring of fire
Scrolls
 c - a scroll of enchant weapon {unknown}
Potions
 b - a potion of magic
 d - a potion of attraction {unknown}


   Skills:
 - Level 1.5 Dodging
 - Level 3.0 Stealth
 - Level 2.0 Spellcasting
 - Level 1.0 Transmutations
 + Level 3.8 Earth Magic


You had 4 spell levels left.
You knew the following spells:

 Your Spells              Type           Power      Damage    Failure   Level
a - Sandblast             Erth           24%        2d8       4%          1

Your spell library contained the following spells:

 Spells                   Type           Power      Damage    Failure   Level
 Passwall                 Tmut/Erth      6%         N/A       12%         2
 Stone Arrow              Conj/Erth      14%        3d7       30%         3
 Frozen Ramparts          Ice            2%         1d1       54%         3
 Petrify                  Tmut/Erth      8%         N/A       63%         4
 Ice Form                 Ice/Tmut       3%         N/A       87%         4
 Summon Ice Beast         Ice/Summ       1%         N/A       91%         4


Dungeon Overview and Level Annotations

Branches:
Dungeon (1/15)

Altars:


Innate Abilities, Weirdness & Mutations

Your serpentine skin is tough. (AC +0)
You have supernaturally acute eyesight. (SInv)
Armour fits poorly on your strangely shaped body.
Your system is resistant to poisons. (rPois)
You cover ground very slowly.
You can spit poison.
You have a snake-like lower body.


Message History

d - a glowing orange potion A bat comes into view.
The blast of sand hits the bat!
You kill the bat!
You see here a bat corpse.
A hobgoblin comes into view.
The hobgoblin shouts!
The blast of sand hits the hobgoblin!
You kill the hobgoblin!
e - a ring of fire No target in view!
Found a faded altar of an unknown god.
No target in view!
An endoplasm comes into view.
An endoplasm is nearby!
You can't see any susceptible monsters within range! (Use Z to cast anyway.)
There is a dry fountain here.
The blast of sand hits the endoplasm.
The endoplasm is lightly wounded.
The endoplasm quivers.
The blast of sand hits the endoplasm.
The endoplasm is almost dead.
The blast of sand hits the endoplasm.
You kill the endoplasm!
There is a dry fountain here.
There is a faded altar of an unknown god here.
This altar belongs to (a) Okawaru, (b) Zin or (c) Vehumet, but you can't tell which.
Press the corresponding letter to learn more about a god, or press enter to convert or escape to cancel.
Okay, then.
(D) Dungeon
Where to? (Enter - D:1 @ (x,y), ? - help)
What level of the Dungeon? (default 1, ? - help)
There is a dry fountain here.
You pick up a book of Rime and begin reading...
You add the spells Frozen Ramparts, Ice Form and Summon Ice Beast to your library.
You see here a bat corpse.
There is a stone staircase leading down here.
You see here a +0 spear.
There is a staircase leading out of the dungeon here.
Are you sure you want to leave the Dungeon?
This will make you lose the game!
You have escaped!

.###.##
#......####### #.#
.# #.# ##.#.#.#####
#.# #..###....# #.#
### #.###.#### #.#
######....####.#
#...##.##....#.#
####.>.#####....#.#
#...............#.#
#.@........##...#.#
#.............###.#
# ###############
#.# #. #.# #.# #.#
#..### #.. #.#...
### #..⌠. .#
########
#.⌠..#######.#
#.......


There were no monsters in sight!

Vanquished Creatures
  2 dart slugs (D:1)
  2 endoplasms (D:1)
  A giant cockroach (D:1)
  2 hobgoblins (D:1)
  A quokka (D:1)
  2 bats (D:1)
  2 frilled lizards (D:1)
12 creatures vanquished.

Notes
Turn   | Place    | Note
-------+----------+-------------------------------------------
     0 | D:1      | SigmundSlayer the Naga Earth Elementalist began the quest
                  | for the Orb.
     0 | D:1      | Reached XP level 1. HP: 15/15 MP: 3/3
   209 | D:1      | Reached XP level 2. HP: 19/22 MP: 0/5
   476 | D:1      | Found a faded altar of an unknown god.
   592 | D:$      | Got out of the dungeon alive.

Illustrated notes

Levels and vault maps discovered:
D:1:      amcnicky_arrival_blooded_trapdoor, layout_loops_ring,
          shapermc_ecumenical_altar_venn

Action                   || total
-------------------------++-------
 Cast: Sandblast         ||    19
 Abil: Spit Poison       ||     1
Dodge: Dodged            ||     5

Table legend: (Time is in decaauts)
 A = Elapsed time spent in this place.
 B = Non-inter-level travel time spent in this place.
 C = Inter-level travel time spent in this place.
 D = Time resting spent in this place.
 E = Time spent auto-exploring this place.
 F = Levels seen in this place.
 G = Mean time per level.
                   A        B        C        D        E       F      G
               +--------+--------+--------+--------+--------+-----+--------+
         Total |    732 |    565 |    167 |     33 |    433 |   1 |  732.0 |
       Dungeon |    732 |    565 |    167 |     33 |    433 |   1 |  732.0 |
               +--------+--------+--------+--------+--------+-----+--------+

Top non-repeatable levels by time:
     D:1: 732 daAuts
